Map: Frost LE

Players

llllllllllll - Winner!

  • Race: Protoss Protoss
  • League: Diamond

TerranYOUup

  • Race: Terran Terran
  • League: Diamond

VOD

Have the link to the VOD?

Description

Time

  • Played on: Sept. 18, 2016, 5:45 p.m.
  • Length: 13:48
Show
View Real Time Build Order
Export as new Build Order

llllllllllll Protoss - Winner!

Build Orders: Oracle Opening 

Get SALT Encoding   

  12  0:03  Probe (Chrono Boost)  
  13  0:13  Probe (Chrono Boost)  
  14  0:24  Probe (Chrono Boost)  
  14  0:26  Pylon  
  15  0:45  Probe (Chrono Boost)  
  15  0:49  Gateway  
  16  0:52  Assimilator  
  16  0:55  Probe (Chrono Boost)  
  16  0:56  Assimilator  
  17  1:06  Probe (Chrono Boost)  
  18  1:16  Probe (Chrono Boost)  
  19  1:27  Probe (Chrono Boost)  
  20  1:36  Cybernetics Core  
  20  1:37  Probe (Chrono Boost)  
  20  1:38  Pylon  
  21  2:00  Probe (Chrono Boost)  
  22  2:11  Nexus  
  22  2:15  Stalker  
  24  2:28  Stargate  
  24  2:43  Stalker  
  28  2:52  Mothership Core (Chrono Boost)  
  28  3:03  Pylon  
  28  3:12  Probe (Chrono Boost)  
  29  3:20  Oracle  
  29  3:23  Pylon  
  29  3:24  Probe x2 (Chrono Boost)  
  34  3:35  Probe (Chrono Boost)  
  34  3:36  Stargate, Probe (Chrono Boost)  
  34  3:39  Assimilator  
  36  4:01  Probe (Chrono Boost)  
  37  4:05  Void Ray  
  41  4:12  Probe (Chrono Boost)  
  40  4:47  Void Ray  
  40  4:48  Void Ray  
  48  4:58  Probe (Chrono Boost)  
  50  5:01  Probe (Chrono Boost)  
  50  5:04  Pylon  
  50  5:06  Robotics Facility  
  50  5:08  Probe (Chrono Boost)  
  50  5:13  Probe (Chrono Boost)  
  50  5:32  Void Ray  
  50  5:33  Void Ray  
  50  5:35  Pylon  
  59  5:36  Probe (Chrono Boost)  
  59  5:37  Probe (Chrono Boost)  
  59  5:40  Assimilator  
  60  5:44  Pylon  
  60  5:46  Probe (Chrono Boost)  
  60  5:49  Probe (Chrono Boost)  
  62  5:51  Pylon  
  62  5:59  Robotics Bay  
  62  6:02  Probe (Chrono Boost)  
  63  6:13  Probe (Chrono Boost)  
  63  6:15  Void Ray  
  63  6:17  Mothership Core (Chrono Boost)  
  70  6:23  Probe (Chrono Boost)  
  71  6:33  Void Ray  
  71  6:37  Probe (Chrono Boost)  
  76  6:46  Colossus, Pylon  
  82  6:48  Probe (Chrono Boost)  
  83  6:59  Probe (Chrono Boost)  
  84  7:15  Probe (Chrono Boost)  
  86  7:16  Probe (Chrono Boost)  
  86  7:17  Nexus  
  86  7:28  Extended Thermal Lance  
  86  7:39  Colossus  
  92  7:51  Void Ray  
  92  7:56  Void Ray  
  100  8:02  Probe (Chrono Boost)  
  100  8:03  Probe (Chrono Boost)  
  102  8:30  Probe (Chrono Boost)  
  102  8:33  Colossus  
  109  8:40  Warp Gate  
  109  8:42  Robotics Facility, Probe (Chrono Boost)  
  109  8:44  Pylon  
  109  8:45  Probe (Chrono Boost)  
  109  8:46  Assimilator  
  109  8:47  Twilight Council, Probe (Chrono Boost)  
  109  8:48  Assimilator  
  112  8:53  Probe (Chrono Boost)  
  113  8:56  Probe (Chrono Boost)  
  113  8:59  Probe (Chrono Boost)  
  115  9:03  Probe (Chrono Boost)  
  115  9:06  Probe (Chrono Boost)  
  115  9:08  Stalker  
  115  9:09  Gateway  
  119  9:12  Gateway  
  119  9:13  Gateway  
  119  9:17  Gateway x2  
  119  9:20  Pylon  
  119  9:26  Pylon  
  109  9:48  Colossus x2  
  129  9:53  Probe (Chrono Boost)  
  130  10:03  Probe (Chrono Boost)  
  131  10:07  Fleet Beacon  
  124  10:21  Probe (Chrono Boost)  
  124  10:32  Probe (Chrono Boost)  
  124  10:35  Templar Archives  
  125  10:37  Pylon  
  125  10:39  Nexus  
  125  10:42  Pylon  
  122  10:46  Tempest  
  122  10:52  Tempest  
  130  11:09  Psionic Storm  
  130  11:12  High Templar x4  
  138  11:35  Tempest  
  138  11:37  Nexus, High Templar x2  
  138  11:39  Pylon  
  134  12:18  High Templar x2  
  134  12:22  Stalker x4  
  146  12:24  Tempest  
  150  12:34  Probe (Chrono Boost)  
  151  12:37  Assimilator  
  151  12:40  Assimilator  
  149  12:44  Probe (Chrono Boost)  
  149  12:47  Stalker x4  
  158  13:06  Stargate  
  158  13:07  Pylon  
  158  13:09  Pylon, Stargate  
  158  13:13  Stalker x3  
  158  13:14  Stalker x3  
Show
View Real Time Build Order
Export as new Build Order

TerranYOUup Terran 

Build Orders: Command Center First (CC) 

Get SALT Encoding   

  12  0:00  SCV  
  13  0:13  SCV  
  14  0:25  SCV  
  14  0:27  Supply Depot  
  15  0:48  SCV  
  16  1:01  SCV, Command Center  
  17  1:11  Barracks  
  17  1:14  SCV  
  18  1:24  Refinery  
  18  1:26  SCV  
  18  1:32  Refinery  
  19  1:38  SCV  
  20  1:58  Orbital Command  
  20  2:01  Marine  
  21  2:13  Factory  
  21  2:20  Orbital Command  
  21  2:23  Barracks Reactor  
  21  2:30  SCV  
  22  2:42  SCV  
  23  2:47  SCV  
  24  2:53  Bunker  
  24  2:55  SCV  
  25  3:00  Marine x2  
  25  3:05  Supply Depot  
  27  3:06  Factory Tech Lab  
  27  3:07  SCV  
  27  3:08  SCV  
  29  3:16  Supply Depot  
  29  3:17  Marine  
  29  3:18  Marine  
  30  3:25  SCV  
  30  3:26  Siege Tank  
  34  3:38  SCV  
  34  3:39  Marine x2  
  34  3:40  Starport  
  37  3:46  SCV  
  38  3:50  SCV  
  39  3:56  Marine  
  39  3:57  Marine  
  39  3:58  Siege Tank  
  39  3:59  SCV  
  39  4:02  SCV  
  46  4:11  SCV  
  46  4:14  SCV, Marine x2  
  50  4:23  SCV  
  50  4:30  Siege Tank  
  52  4:32  Marine x2  
  52  4:36  Viking  
  45  4:50  SCV  
  40  4:53  Marine x2  
  40  4:54  Engineering Bay  
  42  5:02  SCV, Siege Tank  
  44  5:37  Missile Turret  
  44  5:38  SCV x2, Missile Turret  
  44  5:42  Marine  
  46  5:43  Marine  
  48  5:53  SCV  
  48  5:54  SCV  
  50  6:00  Marine x2  
  50  6:01  Missile Turret  
  52  6:05  Missile Turret  
  52  6:08  SCV x2  
  54  6:29  Supply Depot  
  54  6:30  Supply Depot  
  54  6:46  Barracks Reactor  
  54  6:51  Medivac x2  
  54  6:52  SCV, Supply Depot  
  54  6:53  SCV, Supply Depot  
  60  7:02  Siege Tank  
  60  7:05  SCV x2  
  65  7:15  Supply Depot  
  65  7:16  Supply Depot  
  65  7:17  SCV x2  
  65  7:18  Refinery  
  65  7:19  Refinery  
  67  7:24  Marine x2  
  67  7:25  Medivac  
  67  7:26  Medivac  
  67  7:28  Command Center  
  67  7:29  SCV x2  
  75  7:42  Marine x2  
  75  7:43  SCV x2  
  79  7:59  SCV x2  
  79  8:02  Medivac x2, Marine x2  
  87  8:17  SCV  
  79  8:38  Siege Tank, Marine  
  79  8:39  Marine  
  84  9:03  Refinery, Marine x2  
  84  9:04  Medivac  
  84  9:06  Refinery  
  84  9:09  Command Center  
  88  9:10  Siege Tank  
  88  9:14  Barracks x2  
  88  9:16  Barracks  
  91  9:17  SCV  
  87  9:29  SCV  
  73  9:43  Orbital Command  
  73  9:45  Viking x2  
  49  9:46  Marine  
  52  9:57  Missile Turret  
  52  10:00  Missile Turret  
  52  10:05  SCV, Missile Turret  
  53  10:11  Barracks Tech Lab x2  
  53  10:13  Barracks Reactor  
  53  10:29  SCV  
  53  10:30  SCV  
  55  10:38  Missile Turret  
  55  10:46  Missile Turret  
  55  10:49  SCV  
  56  10:50  SCV, Sensor Tower  
  56  10:53  Missile Turret  
  56  10:55  Missile Turret  
  56  11:02  SCV  
  56  11:03  Viking x2  
  56  11:04  Marine x2  
  61  11:05  Marine x3  
  66  11:14  SCV x2  
  68  11:20  Combat Shields  
  68  11:21  Stimpack  
  68  11:26  SCV x2  
  68  11:29  Marine x2  
  68  11:30  Marine x2  
  75  11:34  Viking x2  
  75  11:37  Marauder x2  
  82  11:40  SCV  
  84  11:48  Command Center  
  83  11:57  Orbital Command  
  79  12:18  Command Center  
  79  12:20  Viking x2  
  83  12:45  SCV x2  
  83  12:50  Marauder x2, Marine x3  
  83  12:51  Marine  
  93  12:55  Viking x2  
  97  13:10  SCV x2  
  101  13:12  Marine  
  101  13:13  Marauder  
  101  13:19  Supply Depot  
  102  13:20  Supply Depot x2  
  102  13:29  Marine x3  
Tags
 
Add a new tag
Caveats
  • Supply blocks, unpowered buildings, or Contaminate may cause inaccurate times.
  • Supply counts are checked every 10 seconds.